AoeStats
← Michi3052

Arabia

507779004Analyzed
1v1 RM · 14d ago on Sep 19, 2026· 44m 56s· 2 players
Game mode
Random Map
Map size
Tiny (2 player)
Population
200
Speed
Normal
Resources
Standard
Victory
Conquest
Starting age
Dark Age
Ending age
Imperial Age
RankedLock teamsTeams togetherTeam positionsShared explorationLock speedFull tech treeHidden civsTurbo modeCheats
Victory
Defeat
🇦🇷 Mongols · Argentina
698
+17
🇪🇸 Bulgarians · Spain
713
-17
agustin_20001
10:44 Feudal Age
11:21 Double-Bit Axe
12:43 Loom
22:20 Castle Age
26:46 Horse Collar
27:58 Bow Saw
31:43 Gold Mining
32:32 Stone Mining
34:07 Crossbowman
36:39 Wheelbarrow
37:51 Hand Cart
38:13 Fletching
40:28 Bloodlines
40:26 Thumb Ring
43:22 Imperial Age
41:08 Bodkin Arrow
41:27 Forging
42:51 Iron Casting
42:36 Scale Barding Armor
43:43 Gold Shaft Mining
43:45 Stone Shaft Mining
43:54 Husbandry
43:15 Light Cavalry
44:31 Ballistics
44:38 Arbalester
Michi3052
9:01 Loom
12:42 Feudal Age
24:58 Horse Collar
25:08 Double-Bit Axe
31:25 Castle Age
29:56 Gold Mining
34:00 Wheelbarrow
34:35 Bow Saw
34:32 Gambesons
35:17 Town Watch
38:11 Pikeman
42:08 Hand Cart
42:11 Scale Barding Armor
42:07 Scale Mail Armor
Connection lost

Rejoining the realm…

Still unreachable

The connection could not be restored.

Session expired

The server has moved on; the page needs a fresh start.